 Dungeon Crawl Stone Soup version 0.27-a0-1384-g1422d76b99 (webtiles) character file.

Game seed: 7050049991384318762

104 dickylongcocking the Covered (level 5, -3/40 HPs)
             Began as a Djinni Wanderer on July 1, 2021.
             Slain by an adder (4 damage)
             ... on level 2 of the Dungeon.
             The game lasted 00:01:56 (1528 turns).

dickylongcocking the Covered (Djinni Wanderer)      Turns: 1528, Time: 00:01:56

Health: -3/40      AC:  2    Str: 12    XL:     5   Next: 7%
Gold:   26         EV:  8    Int: 13    God:
                   SH:  0    Dex: 13

rFire    + + .     SeeInvis .   a - +2 hand crossbow
rCold    x . .     Faith    .   (no shield)
rNeg     . . .     Spirit   .   c - +0 robe
rPois    ∞         Reflect  .   (no helmet)
rElec    .         Harm     .   (no cloak)
rCorr    .         Rampage  .   (no gloves)
Will     .....                  (boots unavailable)
Stlth    +.........             (no amulet)
HPRegen  0.13/turn              (no ring)
MPRegen  0.00/turn              (no ring)

@: flying, constricted, invisible
A: sickness immunity, fire resistance 2, cold vulnerability 1, float, innate
caster, hp casting, extra vitality 1
a: no special abilities


You were on level 2 of the Dungeon.
You visited 1 branch of the dungeon, and saw 2 of its levels.

You collected 96 gold pieces.
You spent 70 gold pieces at shops.

Inventory:

Hand Weapons
 a - a +2 hand crossbow (weapon)
 k - a +0 dagger of venom
Armour
 c - a +0 robe (worn)
Magical Staves
 e - a staff of fire
Jewellery
 i - an amulet of guardian spirit
Scrolls
 d - 4 scrolls of teleportation {unknown}
 g - a scroll of holy word {unknown}
 j - a scroll of enchant armour {unknown}
 l - a scroll of identify {unknown}
 o - a scroll of silence {unknown}
Potions
 h - a potion of ambrosia {unknown}
 n - a potion of brilliance


   Skills:
 * Level 2.8 Fighting
 - Level 1.5 Crossbows
 - Level 1.0 Throwing
 - Level 6.0 Armour
 - Level 1.0 Shields
 * Level 2.1 Spellcasting


You couldn't memorise any spells.
You knew the following spells:

 Your Spells              Type           Power      Damage    Failure   Level
a - Lesser Beckoning      Tloc           3%         N/A       32%         3
b - Apportation           Tloc           12%        N/A       11%         1
c - Summon Small Mammal   Summ           24%        N/A       11%         1
d - Call Canine Familiar  Summ           6%         N/A       32%         3
e - Freeze                Ice            24%        1d5       11%         1
f - Corpse Rot            Necr/Air       N/A        N/A       16%         2

Your spell library contained the following spells:

 Spells                   Type           Power      Damage    Failure   Level


Dungeon Overview and Level Annotations

Branches:
Dungeon (2/15)

Altars:

Shops:
D:2 !


Innate Abilities, Weirdness & Mutations

You are immune to sickness and miasma.
You are immune to poison.
Your flesh is very heat resistant. (rF++)
You are vulnerable to cold. (rC-)
You float through the air rather than walking.
You learn spells naturally, not from books.
Your magical power is your life essence.
You have superior vitality. (+4 HP)


Message History

Spell assigned to 'f'.
Unknown command.
Casting: Freeze (safe; 11% risk of failure)
Confirm with . or Enter, or press ? or * to list all spells.
Aiming: Freeze (safe; 11% risk of failure)
Press: ? - help, Shift-Dir - straight line, f - adder
Aim: an adder You freeze the adder.
The adder is moderately wounded.
* * * LOW HITPOINT WARNING * * *
The ball python bites you.
* * * LOW HITPOINT WARNING * * *
The ball python misses you. The adder closely misses you.
The ball python barely misses you. x2
Unknown command.
Unknown command.
You feel better. The adder bites you.
* * * LOW HITPOINT WARNING * * *
The ball python bites you.
* * * LOW HITPOINT WARNING * * *
The ball python closely misses you. The adder bites you.
* * * LOW HITPOINT WARNING * * *
Casting: Freeze (safe; 11% risk of failure)
Confirm with . or Enter, or press ? or * to list all spells.
Aiming: Freeze (safe; 11% risk of failure)
Press: ? - help, Shift-Dir - straight line, f/p - adder
Aim: an adder (moderately wounded)
You freeze the adder.
The adder is severely wounded.
The adder seems to slow down.
* * * LOW HITPOINT WARNING * * *
The ball python barely misses you. The ball python grabs you.
The ball python constricts you.
The kobold throws a stone.
The stone barely misses you.
Unknown command.
It was a potion of invisibility.
You fade into invisibility!
The ball python closely misses you. The ball python constricts you.
The adder bites you.
You die...

≈≈≈# ..
≈≈≈≈≈##..############
≈≈≈≈≈≈##............##
≈≈≈≈≈≈≈##...........^###
≈≈≈≈≈≈≈≈####.......†...##
≈≈≈≈≈≈≈≈# #........##...
#≈≈≈≈≈≈≈####........##...
((.....S†.##........#....
)((...J(@.....##.####....
#≈≈≈K≈(S#.###.##.# ##....
≈≈≈≈g(≈≈### #.##...(.....
≈≈≈≈(≈≈≈# #.##.........
≈≈≈≈≈≈≈## #.##.........
≈≈≈≈≈≈# #.##.........
≈≈≈(≈#### #............
≈≈≈≈##..# ###..........
####.#######..........


You could see an adder (slow), an endoplasm, a goblin, a ball python and a
kobold.

Vanquished Creatures
  4 adders (D:2)
  2 worms (D:2)
  3 dart slugs (D:1)
  7 bats
  3 endoplasms (D:1)
  A giant cockroach (D:1)
  3 goblins
  5 hobgoblins
  10 jackals
  3 quokkas (D:1)
  3 ball pythons (D:1)
  2 frilled lizards
  3 kobolds
  3 rats (D:1)
52 creatures vanquished.

Notes
Turn   | Place    | Note
-------+----------+-------------------------------------------
     0 | D:1      | dickylongcocking the Djinni Wanderer began the quest for
                  | the Orb.
     0 | D:1      | Reached XP level 1. HP: 15/15 MP: 0/0
    69 | D:1      | Reached XP level 2. HP: 15/22 MP: 0/0
   178 | D:1      | Reached skill level 1 in Fighting
   222 | D:1      | Reached skill level 1 in Spellcasting
   393 | D:1      | Reached XP level 3. HP: 27/27 MP: 0/0
   393 | D:1      | Learned a level 1 spell: Freeze
   762 | D:1      | Found a faded altar of an unknown god.
  1212 | D:2      | Reached XP level 4. HP: 32/33 MP: 0/0
  1443 | D:2      | Found Isihipt's Distillery.
  1454 | D:2      | Bought a potion of curing for 30 gold pieces
  1454 | D:2      | Bought a potion of brilliance for 40 gold pieces
  1525 | D:2      | Reached XP level 5. HP: 9/40 MP: 0/0
  1525 | D:2      | Learned a level 2 spell: Corpse Rot
  1526 | D:2      | HP: 2/40 [adder (3)]
  1528 | D:2      | Slain by an adder

Illustrated notes

Levels and vault maps discovered:
D:1:      nagdon_arrival_zigzag_paths, layout_basic,
          ebering_ecumenical_altar_webs
D:2:      kennysheep_big_flooded_room, layout_rooms, serial_shops, shop,
          basic_altar, uniq_natasha

Skill      XL: |  1  2  3  4 |
---------------+-------------+-----
Fighting       | 1 2 |  2.8
Spellcasting   | 1 2 |  2.1
Crossbows      | |  1.5
Throwing       | |  1.0
Armour         | |  6.0
Shields        | |  1.0

Action                   |  1- 3 |  4- 6 || total
-------------------------+-------+-------++-------
 Fire: Hand crossbow     |    87 |    45 ||   132
 Cast: Freeze            |       |     4 ||     4
  Use: Potion            |       |     2 ||     2
Armor: Robe              |     4 |     3 ||     7
Dodge: Dodged            |    24 |    23 ||    47

Table legend: (Time is in decaauts)
 A = Elapsed time spent in this place.
 B = Non-inter-level travel time spent in this place.
 C = Inter-level travel time spent in this place.
 D = Time resting spent in this place.
 E = Time spent auto-exploring this place.
 F = Levels seen in this place.
 G = Mean time per level.
                   A        B        C        D        E       F      G
               +--------+--------+--------+--------+--------+-----+--------+
         Total |   1583 |   1579 |      4 |      0 |   1286 |   2 |  791.5 |
       Dungeon |   1583 |   1579 |      4 |      0 |   1286 |   2 |  791.5 |
               +--------+--------+--------+--------+--------+-----+--------+

Top non-repeatable levels by time:
     D:1: 1236 daAuts
     D:2: 347 daAuts
